 Dungeon Crawl Stone Soup version 0.24.0-125-gc4c63601f3 (webtiles) character file.

Game seed: 4250925248408627471, levelgen mode: deterministic

14 Descartes the Grasshopper (level 2, 0/26 HPs)
             Began as a Naga Warper on Mar 3, 2020.
             Slain by a goblin
             ... wielding a +0 club
              (3 damage)
             ... on level 1 of the Dungeon.
             The game lasted 00:01:41 (712 turns).

Descartes the Grasshopper (Naga Warper)              Turns: 712, Time: 00:01:41

Health: 0/26       AC:  2    Str: 13    XL:     2   Next: 41%
Magic:  5/5        EV:  9    Int: 13    God:
Gold:   24         SH:  0    Dex: 10    Spells: 5/5 levels left

rFire    + . .     SeeInvis +   a - +0 spear
rCold    x . .     Gourm    .   (no shield)
rNeg     . . .     Faith    .   b - +0 leather armour
rPois    +         Spirit   .   (no helmet)
rElec    .         Reflect  .   (no cloak)
rCorr    .         Harm     .   (no gloves)
MR       .....                  (no barding)
Stlth    +.........             (no amulet)
HPRegen  0.08/turn              g - ring of fire
MPRegen  0.09/turn              (no ring)

@: very slow
A: large, see invisible, deformed body, poison resistance, slowness 2, slow
metabolism 1, spit poison 1, AC +0
a: Spit Poison


You were on level 1 of the Dungeon.
You were not hungry.

You visited 1 branch of the dungeon, and saw 1 of its levels.

You collected 24 gold pieces.

Inventory:

Hand Weapons
 a - a +0 spear (weapon)
Missiles
 e - 5 boomerangs of dispersal (quivered)
 h - 29 stones
 i - 8 bolts
Armour
 b - a +0 leather armour (worn)
Jewellery
 g - a ring of fire (left hand)
Scrolls
 d - a scroll of blinking
Comestibles
 f - a ration


   Skills:
 + Level 2.2 Fighting
 - Level 2.0 Polearms
 - Level 0.8 Throwing
 + Level 1.0 Armour
 + Level 1.7 Dodging
 + Level 1.2 Stealth
 + Level 2.1 Spellcasting
   Level 3.0 Translocations


You had 5 spell levels left.
You didn't know any spells.
Your spell library contained the following spells:

 Spells                   Type           Power        Failure   Level  Hunger
 Blink                    Tloc           N/A          14%         2    ###....
 Shroud of Golubria       Chrm/Tloc      #.....       26%         2    ###....
 Gell's Gravitas          Tloc           #.........   28%         3    ####...
 Lesser Beckoning         Tloc           #.........   28%         3    ####...
 Teleport Other           Tloc           #.......     28%         3    ####...
 Passage of Golubria      Tloc           N/A          67%         4    #####..


Dungeon Overview and Level Annotations

Branches:
Dungeon (1/15)

Altars:


Innate Abilities, Weirdness & Mutations

You cannot wear boots.
Your serpentine skin is tough. (AC +0)
You have supernaturally acute eyesight. (SInv)
Armour fits poorly on your strangely shaped body.
Your system is resistant to poisons. (rPois)
You cover ground very slowly.
You have a slow metabolism.
You can spit poison.


Message History

The kobold hits you with a +0 short sword.
The goblin barely misses you.
Press: ? - help, Shift-Dir - straight line, f - kobold
Aim: a kobold, wielding a +0 short sword (severely wounded)
The splash of poison hits the kobold.
The kobold is poisoned.
You kill the kobold!
You feel slightly more hungry. The goblin hits you with a +0 club.
You can't do that yet.
Unknown command.
You miss the goblin. The goblin hits you with a +0 club.
* * * LOW HITPOINT WARNING * * *
You barely miss the goblin. The goblin closely misses you.
You miss the goblin.
You have got your breath back.
The goblin hits you with a +0 club.
* * * LOW HITPOINT WARNING * * *
You hit the goblin.
The goblin is heavily wounded.
The goblin hits you with a +0 club.
You die...

+........ ...
..#.......# ....
.(#.......#
#...###.#.......#
#..............# ...
##..?...#.......# ....
........#.......###.....
......)%.(####..........
.####@................
...!..g.................
..........####..........
..........# #..........
...#......# #......##..
.. #......# #......##..
. +......# ##'#+#.##..
#......# #.#.#.##..
###.#.##.


You could see a goblin.

Vanquished Creatures
  An ooze (D:1)
  A giant cockroach (D:1)
  A goblin (D:1)
  A hobgoblin (D:1)
  4 kobolds (D:1)
  A rat (D:1)
9 creatures vanquished.

Notes
Turn   | Place    | Note
-------+----------+-------------------------------------------
     0 | D:1      | Descartes the Naga Warper began the quest for the Orb.
     0 | D:1      | Reached XP level 1. HP: 19/19 MP: 3/3
   289 | D:1      | Reached skill level 1 in Armour
   289 | D:1      | Reached skill level 1 in Stealth
   289 | D:1      | Reached XP level 2. HP: 8/26 MP: 5/5
   712 | D:1      | Slain by a goblin

Levels and vault maps discovered:
D:1:      erik_arrival_triangle_large, layout_basic

Skill      XL: |  1 |
---------------+----+-----
Armour         | 1 |  1.0
Stealth        | 1 |  1.2
Fighting       | |  2.2
Polearms       | |  2.0
Throwing       | |  0.8
Dodging        | |  1.7
Spellcasting   | |  2.1
Translocations | |  3.0

Action                   || total
-------------------------++-------
Melee: Spear             ||    56
 Abil: Spit Poison       ||     3
Armor: Leather armour    ||     8
Dodge: Dodged            ||    20
